 Dungeon Crawl Stone Soup version 0.23.0 (webtiles) character file.

Game seed: 17818885026893681259

209322 TheOrbIsALie the Protected (level 19, -1/149 HPs)
             Began as a Gnoll Wanderer on Feb 18, 2019.
             Was a Plaything of Xom.
             Shot with an arrow by a deep elf master archer (28 damage)
             ... on level 3 of the Elven Halls.
             The game lasted 02:21:10 (27679 turns).

TheOrbIsALie the Protected (Gnoll Wanderer)        Turns: 27679, Time: 02:21:14

Health: -1/149     AC: 27    Str: 16      XL:     19   Next: 23%
Magic:  32/35      EV: 24    Int: 21 (22) God:    Xom [*.....]
Gold:   1281       SH:  4    Dex: 24 (25) Spells: 27/43 levels left

rFire    + . .     SeeInvis +   x - +9 dire flail (chaos)
rCold    + + +     Gourm    .   (shield currently unavailable)
rNeg     . . .     Faith    .   K - +2 troll leather armour
rPois    +         Spirit   .   A - +2 helmet {Int+3}
rElec    +         Reflect  .   s - +5 cloak of Prudence {rF+ SInv}
rCorr    .         Harm     .   O - +0 pair of gloves
MR       +++++                  V - +2 pair of boots
Stlth    ++++++....             p - amulet of regeneration
HPRegen  1.14/turn              a - ring of Laczeaff {rPois MR+++ Dex+2}
MPRegen  0.24/turn              E - ring of Hioclao {rC++ AC+6 Str-3 Dex+7}

@: no status effects
A: distributed training, fangs 1, large bone plates 1, camouflage 1, cold
resistance 1, deformed body, deterioration 1, magic resistance 1, poison
resistance, electricity resistance, strong 1, wild magic 1, MP-powered wands,
strong nose
a: Renounce Religion


You were on level 3 of the Elven Halls.
You worshipped Xom.
You were a special plaything of Xom.
You were not hungry.

You visited 4 branches of the dungeon, and saw 26 of its levels.
You also visited: Sewer and Desolation.

You collected 2554 gold pieces.
You spent 1273 gold pieces at shops.

Inventory:

Hand Weapons
 w - a +0 longbow
 x - a +9 dire flail of chaos (weapon)
 U - the +9 staff of Wucad Mu {channel}
   (You found it on level 2 of the Lair of Beasts)
Missiles
 c - 11 javelins (quivered)
 C - 202 bolts
 I - 917 arrows
Armour
 l - the +11 plate armour "Boziothe" {MR+ Slay+4}
   (You found it in the Desolation of Salt)

   It affects your accuracy and damage with ranged weapons and melee attacks
   (+4).
   It affects your resistance to hostile enchantments.
 s - the +5 cloak of Prudence (worn) {rF+ SInv}
   (You bought it in a shop on level 9 of the Dungeon)

   It protects you from fire.
   It lets you see invisible.
 y - the +1 ring mail of the Gloaming {rElec}
   (You found it on level 4 of the Dungeon)

   It insulates you from electricity.
 z - +0 acid dragon scales
 A - a +2 helmet of intelligence (worn)
 K - a +2 troll leather armour (worn)
 O - a +0 pair of gloves (worn)
 V - a +2 pair of boots (worn)
Magical Staves
 r - an uncursed staff of poison {unknown}
Jewellery
 a - the ring of Laczeaff (left hand) {rPois MR+++ Dex+2}
   (You found it in the Desolation of Salt)

   [ring of dexterity]

   It affects your dexterity (+2).
   It protects you from poison.
   It affects your resistance to hostile enchantments.
 b - an uncursed ring of ice {unknown}
 e - the ring "Aleuladgh" {rPois rN+ Slay+2}
   (You acquired it on level 14 of the Dungeon)

   [ring of positive energy]

   It affects your accuracy and damage with ranged weapons and melee attacks
   (+2).
   It protects you from poison.
   It protects you from negative energy.
 p - an amulet of regeneration (around neck)
 E - the ring of Hioclao (right hand) {rC++ AC+6 Str-3 Dex+7}
   (You acquired it on level 12 of the Dungeon)

   [ring of protection]

   It affects your AC (+6).
   It affects your strength (-3).
   It affects your dexterity (+7).
   It greatly protects you from cold.
 H - the amulet of Uceiq {+Rage Str+3}
   (You took it off an ironbrand convoker in the Desolation of Salt)

   [amulet of rage]

   It affects your strength (+3).
   It lets you go berserk.
 L - an uncursed ring of resist corrosion
 R - an uncursed ring of flight
Wands
 k - a wand of enslavement (6)
 o - a wand of random effects (7)
 P - a wand of digging (6)
 Q - a wand of flame (28)
 X - a wand of polymorph (36)
Scrolls
 f - 8 scrolls of enchant armour
 m - 3 scrolls of enchant weapon
 n - 4 scrolls of magic mapping
 q - 11 scrolls of remove curse
 t - 3 scrolls of teleportation
 u - a scroll of torment {unknown}
 v - 6 scrolls of amnesia
 B - 4 scrolls of immolation
 N - 3 scrolls of fog
 S - 4 scrolls of identify
 Z - a scroll of holy word
Potions
 g - 8 potions of brilliance
 h - 2 potions of curing
 i - a potion of invisibility
 j - 4 potions of haste
 D - 3 potions of ambrosia
 G - 2 potions of flight
 M - 2 potions of resistance
 T - 2 potions of agility
Miscellaneous
 F - a box of beasts
 J - a phial of floods (inert)
 W - a lamp of fire (inert)
 Y - a lightning rod (4/4)
Comestibles
 d - 41 rations


   Skills:
 + Level 13.1 Fighting
 + Level 12.5 Short Blades
 + Level 12.5 Long Blades
 + Level 12.5 Axes
 + Level 13.1 Maces & Flails
 + Level 12.5 Polearms
 + Level 12.5 Staves
 + Level 12.5 Slings
 + Level 12.5 Bows
 + Level 12.7 Crossbows
 + Level 12.5 Throwing
 + Level 13.8 Armour
 + Level 12.5 Dodging
 + Level 12.5 Stealth
 + Level 12.7 Shields
 + Level 12.5 Unarmed Combat
 + Level 12.5 Spellcasting
 + Level 10.7 Conjurations
 + Level 10.7 Hexes
 + Level 10.7 Charms
 + Level 10.7 Summonings
 + Level 10.7 Necromancy
 + Level 10.7 Translocations
 + Level 10.7 Transmutations
 + Level 10.7 Fire Magic
 + Level 10.7 Ice Magic
 + Level 10.7 Air Magic
 + Level 10.7 Earth Magic
 + Level 10.7 Poison Magic
 + Level 13.4 Invocations
 + Level 12.7 Evocations


You had 27 spell levels left.
You knew the following spells:

 Your Spells              Type           Power        Failure   Level  Hunger
a - Yara's Violent Unrav  Hex/Tmut       ######....   3%          5    ####...
b - Mephitic Cloud        Conj/Pois/Air  ######..     1%          3    None
c - Blink                 Tloc           N/A          1%          2    None
d - Apportation           Tloc           ######       1%          1    None
e - Metabolic Englaciati  Hex/Ice        ######....   3%          5    ####...

Your spell library contained the following spells:

 Spells                   Type           Power        Failure   Level  Hunger
 Animate Skeleton         Necr           N/A          1%          1    None
 Confusing Touch          Hex            ######       1%          1    None
 Magic Dart               Conj           ####         1%          1    None
 Shock                    Conj/Air       ####         1%          1    None
 Summon Small Mammal      Summ           ####         1%          1    None
 Call Imp                 Summ           ######..     1%          2    None
 Poisonous Vapours        Pois/Air       ######       1%          2    None
 Shroud of Golubria       Chrm/Tloc      ######....   1%          2    None
 Slow                     Hex            ######..     1%          2    None
 Confuse                  Hex            ######..     1%          3    None
 Conjure Flame            Conj/Fire      ######..     1%          3    None
 Gell's Gravitas          Tloc           ######....   1%          3    None
 Ozocubu's Armour         Chrm/Ice       ######..     1%          3    None
 Force Lance              Conj/Tloc      ######..     1%          4    None
 Petrify                  Tmut/Erth      ######..     1%          4    None
 Fireball                 Conj/Fire      ######....   3%          5    ####...
 Iskenderun's Battlesphe  Conj/Chrm      ######..     3%          5    ####...
 Freezing Cloud           Conj/Ice/Air   ######....   16%         6    #####..
 Ozocubu's Refrigeration  Ice            ######....   16%         6    #####..
 Simulacrum               Ice/Necr       ######....   16%         6    #####..
 Spellforged Servitor     Conj/Summ      ######....   61%         7    #######


Dungeon Overview and Level Annotations

Branches:
Dungeon (15/15)            Temple (0/1) D:6            Lair (6/6) D:10
 Shoals (0/4) Lair:2       Spider (0/4) Lair:3        Slime (0/5) Lair:5
    Orc (2/2) D:9             Elf (3/3) Orc:2        Vaults (0/5) D:13
 Depths (0/5) D:15

Altars:
Cheibriados
Dithmenos
Elyvilon
Gozag
Qazlal
Trog
Vehumet
Wu Jian
Xom
Zin
The Shining One
Jiyva

Shops:
D:8 [(((   D:9 [   D:15 !   Orc:2 [=(*   Elf:1 [   Elf:3 }


Innate Abilities, Weirdness & Mutations

Your experience applies equally to all skills.
You have very sharp teeth.
Your uncanny sense of smell can sniff out nearby items.
You are partially covered in large bone plates. (SH +4)
Your skin changes colour to match your surroundings (Stealth+).
Your flesh is cold resistant. (rC+)
Armour fits poorly on your strangely shaped body.
Your body sometimes deteriorates upon taking damage.
You are resistant to hostile enchantments. (MR+)
Your system is resistant to poisons. (rPois)
You are resistant to electric shocks. (rElec)
Your muscles are strong. (Str +2)
Your spells are a little harder to cast, but a little more powerful.
You expend magic power (3 MP) to strengthen your wands.


Message History

The deep elf master archer shoots an arrow.
The arrow completely misses you. The arrow hits your butterfly!
Your butterfly dies!
The crawling corpse is engulfed in blazing flames.
You destroy the crawling corpse!
The deep elf master archer shoots an arrow.
The arrow completely misses you. The arrow hits your butterfly!!
Your butterfly dies!
Unknown command.
Evoke which item? (* to show all) (? for menu, Esc to quit)
Aiming: Random Effects
Press: ? - help, Shift-Dir - straight line, f - deep elf master archer
Aim: a deep elf master archer, wielding a +0 longbow, wearing the +8 chain mail of Wonder {Str+6} and wearing an uncursed ring of see invisible (flame, almost dead)
You feel a surge of power!
The deep elf master archer resists with almost no effort.
The deep elf master archer is engulfed in blazing flames.
The deep elf master archer shoots an arrow.
The arrow hits you!!
You die... "Huh?
Did I miss anything?"

..( #.. #§# #.. #§# #.. #§# #..
#e# #.. #§# #.. #(# #..
##############(#############..
#..........).@)).....).)......
#......))..)b(..........^.....
#........)...(................
#............(................
##....############)############
#.....#........................
#..............(...............
#.'########'...................
#.#....... #...................


You could see a deep elf master archer.

Vanquished Creatures
  3 deep elf blademasters
  A deep elf master archer (Elf:3)
  Frances (D:13)
  2 sphinxes (Elf:1)
  Agnes (D:15)
  4 deep elf sorcerers (Elf:3)
  4 imperial myrmidons (Desolation)
  A ghost moth (Desolation)
  2 angels (Elf:1)
  A deep elf elementalist (Elf:3)
  A stone giant (Orc:2)
  5 deep elf demonologists
  Azrael (D:13)
  2 halazid warlocks (Desolation)
  5 deep elf annihilators (Elf:3)
  An ettin (Desolation)
  4 deep elf death magi (Elf:3)
  Josephine (D:11)
  3 deep elf high priests (Elf:3)
  A fire dragon (Elf:1)
  3 ragged hierophants (Desolation)
  16 hydras
  8 servants of whispers (Desolation)
  2 vault guards (D:13)
  10 peacekeepers (Desolation)
  3 centaur warriors
  A two-headed ogre (shapeshifter) (Elf:1)
  25 dancing weapons
  A satyr (Elf:3)
  6 two-headed ogres
  4 orc high priests
  4 death yaks (Lair:6)
  3 tengu warriors
  3 skeletal warriors
  14 deep elf knights
  6 unseen horrors
  A shadow wraith (D:14)
  6 ironbrand convokers (Desolation)
  9 deep elf archers
  A wizard (D:15)
  A harpy (Elf:1)
  43 deep elf magi
  6 orc knights
  4 orc sorcerers
  3 wolf spiders (D:15)
  4 cyclopes
  14 ugly things
  A mana viper (shapeshifter) (D:15)
  8 manticores
  An elephant (D:10)
  An apocalypse crab (D:13)
  8 guardian serpents (Desolation)
  4 black mambas (Lair:5)
  A molten gargoyle (Desolation)
  14 spiny frogs
  2 komodo dragons (shapeshifter)
  An efreet (D:15)
  3 rime drakes
  2 centaur skeletons
  A freezing wraith (D:13)
  2 kobold demonologists (D:15)
  11 komodo dragons
  A yaktaur (Lair:2)
  11 trolls
  4 meliai
  A queen bee (D:12)
  A jumping spider (shapeshifter) (D:15)
  The ghost of Jethus the Skirmisher, an amateur DsAK of Lugonu (D:5)
  Prince Ribbit (D:5)
  A troll (shapeshifter) (D:15)
  7 polar bears
  9 dream sheep
  A wind drake (shapeshifter) (Lair:3)
  69 saltlings (Desolation)
  5 hornets (Lair:6)
  16 blink frogs
  3 slime creatures
  2 snapping turtles (Lair:2)
  9 hippogriffs
  4 redbacks
  3 shadows
  2 air elementals
  5 wyverns
  14 spriggans (Lair:6)
  9 wraiths
  A water elemental (D:15)
  49 yaks
  2 hungry ghosts
  3 basilisks
  10 humans (D:13)
  10 fire elementals
  3 vampire mosquitoes (D:15)
  A soldier ant (D:12)
  4 wargs
  10 water moccasins
  2 acid dragons
  5 hell hounds
  3 ice beasts
  Duvessa (D:4)
  7 porcupines
  30 orc warriors
  A sky beast (D:8)
  An eye of draining (D:14)
  2 necrophages
  A phantom (D:9)
  6 boggarts
  2 black bears
  13 ogres
  18 wolves
  18 centaurs
  7 big kobolds
  9 crocodiles
  18 bullfrogs
  Blork the orc (D:4)
  10 earth elementals
  A gnoll sergeant (D:8)
  A wyvern zombie (D:13)
  Dowan (D:4)
  4 scorpions
  26 killer bees
  18 wights
  An electric eel (Lair:2)
  2 howler monkeys (D:10)
  10 crimson imps
  2 quasits (D:8)
  3 centaur zombies
  17 jellies
  10 orc priests
  12 hounds
  Crazy Yiuf (D:3)
  Jessica (D:2)
  11 worker ants
  11 iguanas
  31 orc wizards
  2 hound zombies (D:5)
  2 hound skeletons
  4 worker ant zombies
  9 gnolls
  7 adders
  A howler monkey skeleton (D:8)
  2 shadow imps
  2 oozes
  2 adder zombies
  2 worms (D:2)
  2 dart slugs (D:4)
  5 leopard geckos
  100 orcs
  8 giant cockroaches
  10 hobgoblins
  15 jackals
  6 quokkas
  4 ball pythons
  12 bats
  11 frilled lizards
  17 goblins
  36 kobolds
  A leopard gecko zombie (D:8)
  12 rats
  3 crawling corpses (Elf:3)
1170 creatures vanquished.

Vanquished Creatures (collateral kills)
  A deep elf annihilator (Elf:3)
  2 deep elf knights (Elf:3)
  A deep elf archer (Elf:3)
  A deep elf mage (Elf:3)
  A centaur skeleton (D:15)
  A spiny frog (Lair:4)
  A slime creature (D:12)
  A hippogriff (Elf:1)
  A spriggan (Lair:6)
  A steam dragon (D:15)
  A porcupine (Lair:4)
  A jelly (Lair:5)
  An orc wizard (D:12)
  A bullfrog skeleton (D:8)
  2 orcs
17 creatures vanquished.

Vanquished Creatures (others)
  A deep elf knight (Elf:3)
  A deep elf mage (Elf:3)
  A komodo dragon (Lair:4)
  A hornet (shapeshifter) (D:15)
  A water elemental (Elf:1)
  2 ogres
  A boggart (D:15)
  3 killer bees (D:12)
  2 electric eels (D:13)
  An orc priest (Orc:2)
  An orc wizard (D:6)
  2 orcs (Orc:1)
  2 fungi
  3 plants (Lair:6)
22 creatures vanquished.

Grand Total: 1209 creatures vanquished

Notes
Turn   | Place    | Note
-------+----------+-------------------------------------------
     0 | D:1      | TheOrbIsALie the Gnoll Wanderer began the quest for the
                  | Orb.
     0 | D:1      | TheOrbIsALie set off with the following items: a +2 mace, a
                  | +0 ring mail, a wand of random effects (15), a ration
     0 | D:1      | Reached XP level 1. HP: 20/20 MP: 2/2
    65 | D:1      | Reached XP level 2. HP: 15/26 MP: 3/3
   504 | D:2      | Reached XP level 3. HP: 31/31 MP: 4/4
   673 | D:2      | Reached skill level 1 in Invocations
   707 | D:2      | Reached skill level 1 in Short Blades
   707 | D:2      | Reached skill level 1 in Long Blades
   707 | D:2      | Reached skill level 1 in Axes
   707 | D:2      | Reached skill level 1 in Polearms
   707 | D:2      | Reached skill level 1 in Staves
   707 | D:2      | Reached skill level 1 in Slings
   707 | D:2      | Reached skill level 1 in Bows
   707 | D:2      | Reached skill level 1 in Throwing
   707 | D:2      | Reached skill level 1 in Dodging
   707 | D:2      | Reached skill level 1 in Stealth
   707 | D:2      | Reached skill level 1 in Unarmed Combat
   707 | D:2      | Reached skill level 1 in Spellcasting
   850 | D:2      | Reached XP level 4. HP: 38/38 MP: 6/6
  1009 | D:2      | Found a shadowy altar of Dithmenos.
  1036 | D:2      | Noticed Jessica
  1040 | D:2      | Killed Jessica
  1040 | D:2      | Reached skill level 1 in Conjurations
  1040 | D:2      | Reached skill level 1 in Hexes
  1040 | D:2      | Reached skill level 1 in Charms
  1040 | D:2      | Reached skill level 1 in Summonings
  1040 | D:2      | Reached skill level 1 in Necromancy
  1040 | D:2      | Reached skill level 1 in Translocations
  1040 | D:2      | Reached skill level 1 in Transmutations
  1040 | D:2      | Reached skill level 1 in Fire Magic
  1040 | D:2      | Reached skill level 1 in Ice Magic
  1040 | D:2      | Reached skill level 1 in Air Magic
  1040 | D:2      | Reached skill level 1 in Earth Magic
  1040 | D:2      | Reached skill level 1 in Poison Magic
  1315 | D:3      | Found a bloodstained altar of Trog.
  1455 | D:3      | Reached XP level 5. HP: 43/43 MP: 7/7
  1567 | D:3      | Found a shimmering altar of Xom.
  1797 | D:3      | Found a runed translucent door.
  1798 | D:3      | Noticed Crazy Yiuf
  1808 | D:3      | Killed Crazy Yiuf
  1956 | D:3      | Reached XP level 6. HP: 32/50 MP: 8/8
  2008 | D:4      | Got a crude ring mail
  2031 | D:3      | Identified the cursed +1 ring mail of the Gloaming {rElec}
                  | (You found it on level 4 of the Dungeon)
  2096 | D:4      | Found an ornate altar of the Wu Jian Council.
  2125 | D:4      | Noticed Duvessa
  2125 | D:4      | Noticed Dowan
  2133 | D:4      | Killed Duvessa
  2133 | D:4      | Reached skill level 5 in Fighting
  2133 | D:4      | Reached skill level 5 in Maces & Flails
  2145 | D:4      | HP: 2/51 [something/shard of ice (11)]
  2148 | D:4      | Killed Dowan
  2148 | D:4      | Reached XP level 7. HP: 15/56 MP: 10/10
  2396 | D:4      | Noticed Blork the orc
  2410 | D:4      | Killed Blork the orc
  2548 | D:4      | Found a radiant altar of Vehumet.
  2571 | D:4      | Reached XP level 8. HP: 47/63 MP: 12/12
  2752 | D:5      | Entered Level 5 of the Dungeon
  2817 | D:5      | Noticed Prince Ribbit
  2887 | D:5      | Found a runed translucent door.
  2887 | D:5      | Noticed Jethus's ghost (amateur DsAK)
  3327 | D:5      | Found a glowing drain.
  3332 | Sewer    | Entered a sewer
  3803 | D:5      | Killed Prince Ribbit
  4028 | D:3      | Became a worshipper of Xom of Many Doors
  4139 | D:5      | XOM: silly message
  4143 | D:5      | Killed Jethus's ghost
  4143 | D:5      | Reached XP level 9. HP: 53/68 MP: 14/14
  4261 | D:6      | XOM: silly message
  4294 | D:6      | XOM: harmless Ice miscast
  4348 | D:6      | XOM: harmless Ice miscast
  4407 | D:6      | Found a staircase to the Ecumenical Temple.
  4496 | D:6      | XOM: divination: detect items
  4534 | D:6      | XOM: summons friendly shadow imp
  4537 | D:6      | Reached skill level 5 in Crossbows
  4537 | D:6      | Reached skill level 5 in Shields
  4537 | D:6      | Reached skill level 5 in Evocations
  4540 | D:6      | XOM: smoke on damage
  4548 | D:6      | Found an opulent altar of Gozag.
  4574 | D:6      | XOM: cloud trail
  4576 | D:6      | Found a radiant altar of Vehumet.
  4714 | D:6      | XOM: divination: magic mapping
  4723 | D:6      | XOM: god gift: glowing leather armour {god gift}
  4956 | D:7      | Found a snail-covered altar of Cheibriados.
  5010 | D:7      | XOM: cast spell 'Metabolic Englaciation'
  5011 | D:7      | Reached skill level 5 in Invocations
  5149 | D:7      | XOM: cloud trail
  5247 | D:7      | XOM: harmless Air miscast
  5414 | D:8      | Found Adaolius's Armour Shoppe.
  5456 | D:8      | Found Pybauj's Weapon Boutique.
  5487 | D:8      | Reached XP level 10. HP: 73/76 MP: 15/17
  5671 | D:8      | XOM: blink monster(s)
  5672 | D:8      | Found a viscous altar of Jiyva.
  5723 | D:8      | Found Diles's Weapon Shop.
  5776 | D:8      | XOM: mild Necr miscast
  5839 | D:8      | XOM: smoke on damage
  5840 | D:8      | XOM: potion effect (agility)
  5851 | D:8      | Noticed a two-headed ogre
  5861 | D:8      | XOM: summons 8 friendly demons
  5867 | D:8      | Killed a two-headed ogre
  5867 | D:8      | Reached skill level 5 in Short Blades
  5867 | D:8      | Reached skill level 5 in Long Blades
  5867 | D:8      | Reached skill level 5 in Axes
  5867 | D:8      | Reached skill level 5 in Polearms
  5867 | D:8      | Reached skill level 5 in Staves
  5867 | D:8      | Reached skill level 5 in Slings
  5867 | D:8      | Reached skill level 5 in Bows
  5867 | D:8      | Reached skill level 5 in Throwing
  5867 | D:8      | Reached skill level 5 in Dodging
  5867 | D:8      | Reached skill level 5 in Stealth
  5867 | D:8      | Reached skill level 5 in Unarmed Combat
  5867 | D:8      | Reached skill level 5 in Spellcasting
  5922 | D:8      | Found Osim's Antique Weapon Boutique.
  6053 | D:8      | XOM: god gift: ring mail {god gift}
  6054 | D:8      | XOM: chaos upgrade
  6156 | D:8      | XOM: harmless Summ miscast
  6367 | D:9      | XOM: summons 5 hostile demons
  6385 | D:9      | XOM: summons friendly white imp
  6428 | D:9      | XOM: confusion (+ monsters)
  6527 | D:9      | XOM: chaos upgrade
  6578 | D:9      | XOM: mild Pois miscast
  6668 | D:9      | Found a staircase to the Orcish Mines.
  6670 | D:9      | Found Cokileppo's Armour Shoppe.
  6672 | D:9      | XOM: enchant monster (bad)
  6680 | D:9      | XOM: harmless Chrm miscast
  6681 | D:9      | XOM: blink monster(s)
  6688 | D:9      | XOM: confusion (+ monsters)
  6717 | D:9      | XOM: confuse monster(s)
  6833 | D:9      | Reached XP level 11. HP: 77/84 MP: 19/19
  7085 | Orc:1    | Entered Level 1 of the Orcish Mines
  7093 | Orc:1    | Noticed an orc knight
  7094 | Orc:1    | XOM: potion effect (invisibility)
  7095 | Orc:1    | Noticed a two-headed ogre
  7114 | D:9      | XOM: silly message
  7121 | D:9      | XOM: divination: detect items
  7125 | D:9      | Killed an orc knight
  7201 | Orc:1    | Killed a two-headed ogre
  7201 | Orc:1    | Reached skill level 5 in Conjurations
  7201 | Orc:1    | Reached skill level 5 in Hexes
  7201 | Orc:1    | Reached skill level 5 in Charms
  7201 | Orc:1    | Reached skill level 5 in Summonings
  7201 | Orc:1    | Reached skill level 5 in Necromancy
  7201 | Orc:1    | Reached skill level 5 in Translocations
  7201 | Orc:1    | Reached skill level 5 in Transmutations
  7201 | Orc:1    | Reached skill level 5 in Fire Magic
  7201 | Orc:1    | Reached skill level 5 in Ice Magic
  7201 | Orc:1    | Reached skill level 5 in Air Magic
  7201 | Orc:1    | Reached skill level 5 in Earth Magic
  7201 | Orc:1    | Reached skill level 5 in Poison Magic
  7203 | Orc:1    | HP: 2/85 [orc warrior/+0 battleaxe[an orc knight] (16)]
  7206 | Orc:1    | XOM: divination: magic mapping
  7222 | Orc:1    | XOM: confuse monster(s)
  7379 | Orc:2    | Entered Level 2 of the Orcish Mines
  7387 | Orc:2    | XOM: harmless Air miscast
  7388 | Orc:2    | Noticed an orc knight
  7459 | Orc:1    | XOM: smoke on damage
  7481 | Orc:1    | Killed an orc knight
  7669 | Orc:2    | Noticed an orc knight
  7682 | Orc:2    | XOM: enchant monster (bad)
  7716 | D:9      | Bought the +5 cloak of Prudence {rF+ SInv} for 572 gold
                  | pieces
  7757 | Orc:1    | Killed an orc knight
  7897 | Orc:2    | Found a staircase to the Elven Halls.
  8000 | Orc:2    | Noticed a stone giant
  8013 | Orc:2    | Killed a stone giant
  8218 | Orc:2    | Noticed an orc sorcerer
  8222 | Orc:2    | an orc sorcerer changed into a dream sheep
  8222 | Orc:2    | XOM: polymorph orc sorcerer -> dream sheep
  8315 | Orc:1    | XOM: harmless Hex miscast
  8422 | Orc:1    | XOM: enchant monster (good)
  8423 | Orc:1    | Noticed an orc high priest
  8436 | Orc:1    | XOM: enchant monster (good)
  8446 | Orc:1    | XOM: polymorph orc -> gnoll
  8613 | Orc:1    | XOM: potion effect (heal wounds)
  8616 | Orc:1    | XOM: divination: magic mapping
  8645 | Orc:1    | Reached XP level 12. HP: 46/93 MP: 22/22
  8709 | Orc:1    | XOM: cast spell 'Shadow Creatures'
  8710 | Orc:1    | Killed an orc high priest
  8733 | Orc:1    | XOM: give mutation
  8733 | Orc:1    | Gained mutation: You are dopey. (Int -2) [Xom's mischief]
  8875 | Orc:2    | Noticed an orc high priest
  8889 | Orc:2    | XOM: smoke on damage
  8892 | Orc:2    | XOM: enchant monster (bad)
  8896 | Orc:2    | Killed an orc high priest
  8984 | Orc:2    | XOM: chaos upgrade
  9024 | Orc:2    | XOM: scenery: create altars
  9034 | Orc:2    | XOM: 1-stop teleportation journey
  9156 | Orc:2    | Noticed an orc high priest
  9170 | Orc:2    | Paralysed by an orc sorcerer for 2 turns
  9173 | Orc:2    | XOM: enchant monster (bad)
  9402 | Orc:2    | Noticed an orc high priest
  9405 | Orc:2    | XOM: blink monster(s)
  9408 | Orc:2    | Gained mutation: Your magical capacity is low. (-10% MP) [a
                  | neqoxec]
  9422 | Orc:2    | Killed an orc high priest
  9488 | Orc:2    | Noticed a soul eater
  9488 | Orc:2    | Noticed a sun demon
  9506 | Orc:2    | XOM: swap monsters
  9557 | Orc:2    | XOM: noise
  9564 | Orc:2    | Killed an orc high priest
  9607 | Orc:2    | XOM: mild Chrm miscast
  9681 | Orc:2    | Found Ekiuporch's Antique Weapon Emporium.
  9681 | Orc:2    | Found Plog's Assorted Antiques.
  9688 | Orc:2    | Paralysed by an orc sorcerer for 7 turns
  9696 | Orc:2    | Found Godadaz's Jewellery Shop.
  9696 | Orc:2    | Found Siuwk's Antique Armour Emporium.
  9776 | D:10     | Entered Level 10 of the Dungeon
  9902 | D:10     | XOM: noise
 10222 | D:10     | Found a staircase to the Lair.
 10246 | D:10     | XOM: harmless Tmut miscast
 10539 | D:11     | Noticed Josephine
 10566 | D:11     | Killed Josephine
 10566 | D:11     | Reached skill level 10 in Armour
 10594 | D:11     | XOM: divination: detect items
 10757 | D:11     | XOM: harmless Chrm miscast
 10986 | D:11     | Reached XP level 13. HP: 77/101 MP: 22/22
 11109 | D:11     | XOM: silly message
 11225 | D:12     | XOM: potion effect (might)
 11228 | D:12     | XOM: potion effect (invisibility)
 11272 | D:12     | XOM: silly message
 11300 | D:12     | XOM: divine lightning
 11307 | D:12     | XOM: enchant monster (good)
 11327 | D:12     | XOM: smoke on damage
 11483 | D:12     | XOM: scenery: create altars
 11538 | Lair:1   | Entered Level 1 of the Lair of Beasts
 11711 | Lair:1   | XOM: scenery: 4 doors open
 11953 | Lair:1   | XOM: confuse monster(s)
 12026 | Lair:1   | XOM: summons 3 hostile shadow creatures
 12309 | Lair:2   | XOM: polymorph bullfrog -> warg
 12317 | Lair:2   | XOM: polymorph warg -> scorpion
 12393 | Lair:2   | Found the +9 staff of Wucad Mu {channel}
 12803 | Lair:2   | XOM: scenery: create altars
 12883 | Lair:2   | Found a staircase to the Shoals.
 12897 | Lair:2   | XOM: cast spell 'Death Channel'
 13035 | Lair:2   | XOM: polymorph komodo dragon -> yaktaur
 13304 | Lair:3   | Reached XP level 14. HP: 99/109 MP: 24/24
 13414 | Lair:3   | XOM: harmless Necr miscast
 13459 | Lair:3   | XOM: enchant monster (good)
 13498 | Lair:3   | XOM: confuse monster(s)
 13501 | Lair:3   | XOM: confuse monster(s)
 13508 | Lair:3   | XOM: summons friendly crimson imp
 13615 | Lair:3   | Reached skill level 10 in Fighting
 13615 | Lair:3   | Reached skill level 10 in Maces & Flails
 13624 | Lair:3   | Found a stormy altar of Qazlal.
 13712 | Lair:3   | XOM: mild Necr miscast
 13820 | Lair:3   | Found a hole to the Spider Nest.
 14419 | Lair:4   | XOM: summons 2 friendly demons
 14442 | Lair:4   | XOM: scenery: create altars
 14488 | Lair:4   | XOM: god gift: runed plate armour {god gift}
 14765 | Lair:4   | XOM: god gift: scroll of random uselessness
 15151 | Lair:5   | XOM: enchant monster (bad)
 15218 | Lair:5   | XOM: mild Tloc miscast
 15244 | Lair:5   | Found a staircase to the Slime Pits.
 15262 | Lair:5   | XOM: silly message
 15265 | Lair:5   | XOM: repel stairs
 15670 | Lair:5   | Reached skill level 10 in Invocations
 15764 | Lair:6   | Entered Level 6 of the Lair of Beasts
 15779 | Lair:6   | XOM: silly message
 15782 | Lair:6   | XOM: mild Hex miscast
 15870 | Lair:6   | Learned a level 5 spell: Yara's Violent Unravelling
 15934 | Lair:6   | XOM: summons 1 friendly demon
 16029 | Lair:6   | XOM: divination: detect creatures
 16034 | Lair:6   | XOM: harmless Summ miscast
 16038 | Lair:6   | XOM: enchant monster (bad)
 16047 | Lair:6   | XOM: scenery: create altars
 16053 | Lair:6   | XOM: summons friendly white imp
 16058 | Lair:6   | XOM: stat loss: -1 Int (15/16)
 16066 | Lair:6   | XOM: enchant monster (good)
 16227 | Lair:6   | XOM: noise
 16309 | Lair:6   | XOM: confusion
 16344 | Lair:6   | XOM: chaos upgrade
 16348 | Lair:6   | XOM: summons 3 friendly demons
 16437 | Lair:6   | XOM: confusion
 16465 | Lair:6   | Reached XP level 15. HP: 74/117 MP: 25/25
 16792 | Lair:6   | XOM: cast spell 'Statue Form'
 16891 | Lair:6   | XOM: divination: detect creatures
 16894 | Lair:6   | Reached skill level 10 in Crossbows
 16894 | Lair:6   | Reached skill level 10 in Shields
 16894 | Lair:6   | Reached skill level 10 in Evocations
 16895 | Lair:6   | XOM: divine lightning
 16927 | Lair:6   | XOM: medium Ice miscast
 17021 | Lair:6   | XOM: god gift: glowing robe {god gift}
 17045 | Lair:6   | Learned a level 3 spell: Mephitic Cloud
 17048 | Lair:6   | Learned a level 2 spell: Blink
 17291 | D:12     | XOM: summons 11 friendly demons
 17430 | D:12     | XOM: divination: detect creatures
 17479 | D:12     | XOM: god gift: ration
 17567 | D:12     | XOM: enchant monster (bad)
 17574 | D:12     | XOM: confusion (+ monsters)
 17589 | D:12     | XOM: enchant monster (good)
 17659 | D:12     | Identified a scroll of acquirement
 17663 | D:12     | Got a wavering amber ring
 17664 | D:12     | Identified the ring of Hioclao {rC++ AC+6 Str-3 Dex+7} (You
                  | acquired it on level 12 of the Dungeon)
 17685 | D:12     | You fall through a shaft for 2 floors!
 17695 | D:14     | XOM: fog
 17698 | D:14     | XOM: 2-stop teleportation journey
 17715 | D:14     | XOM: fog
 17722 | D:14     | XOM: 2-stop teleportation journey
 17728 | D:14     | XOM: noise
 17778 | D:14     | XOM: god gift: scroll of vulnerability
 17820 | D:14     | XOM: summons 1 hostile shadow creature
 17847 | D:14     | XOM: swap monsters
 17856 | D:14     | Learned a level 1 spell: Apportation
 17889 | D:14     | Identified Sif Muna's Volume of Dislocated Snow
 17967 | D:13     | XOM: divination: detect creatures
 17996 | D:13     | XOM: divination: magic mapping
 18051 | D:12     | Identified the +0 leather armour "Bis Josm" {rF+ Str+2
                  | Int-4} (You found it on level 12 of the Dungeon)
 18151 | D:13     | XOM: potion effect (brilliance)
 18154 | D:13     | XOM: potion effect (might)
 18201 | D:13     | XOM: potion effect (invisibility)
 18202 | D:13     | Noticed Azrael
 18251 | D:13     | XOM: harmless Chrm miscast
 18305 | D:13     | Killed Azrael
 18371 | D:13     | XOM: harmless Chrm miscast
 18467 | D:13     | XOM: divination: detect items
 18468 | D:13     | XOM: confuse monster(s)
 18547 | D:13     | XOM: harmless Summ miscast
 18594 | D:13     | Noticed Frances
 18607 | D:13     | Killed Frances
 18607 | D:13     | Reached skill level 10 in Short Blades
 18607 | D:13     | Reached skill level 10 in Long Blades
 18607 | D:13     | Reached skill level 10 in Axes
 18607 | D:13     | Reached skill level 10 in Polearms
 18607 | D:13     | Reached skill level 10 in Staves
 18607 | D:13     | Reached skill level 10 in Slings
 18607 | D:13     | Reached skill level 10 in Bows
 18607 | D:13     | Reached skill level 10 in Throwing
 18607 | D:13     | Reached skill level 10 in Dodging
 18607 | D:13     | Reached skill level 10 in Stealth
 18607 | D:13     | Reached skill level 10 in Unarmed Combat
 18607 | D:13     | Reached skill level 10 in Spellcasting
 18645 | D:13     | Identified the cursed +0 leather armour of Snakes and
                  | Ladders {rN+ Int-5 Dex+4} (You found it on level 13 of the
                  | Dungeon)
 18861 | D:13     | XOM: potion effect (brilliance)
 18888 | D:13     | XOM: potion effect (haste)
 18889 | D:13     | XOM: potion effect (berserk rage)
 18956 | D:13     | Found a gate to the Vaults.
 19258 | D:14     | XOM: medium Air miscast
 19288 | D:13     | Learned a level 5 spell: Metabolic Englaciation
 19333 | D:13     | XOM: mild Conj miscast
 19412 | D:14     | XOM: summons 2 hostile demons
 19414 | D:14     | XOM: harmless Ice miscast
 19458 | D:14     | XOM: summons friendly white imp
 19471 | D:13     | XOM: summons friendly quasit
 19598 | D:14     | XOM: summons 4 friendly demons
 19809 | D:14     | Identified the ring "Aleuladgh" {rPois rN+ Slay+2} (You
                  | acquired it on level 14 of the Dungeon)
 19982 | D:15     | Entered Level 15 of the Dungeon
 19992 | D:15     | XOM: polymorph lava snake -> steam dragon
 20235 | D:15     | Reached XP level 16. HP: 125/125 MP: 27/27
 20266 | D:15     | XOM: give mutations
 20266 | D:15     | Gained mutation: Your body sometimes deteriorates upon
                  | taking damage. [Xom's mischief]
 20266 | D:15     | Gained mutation: Your body often deteriorates upon taking
                  | damage. [Xom's mischief]
 20266 | D:15     | Gained mutation: You are clumsy. (Dex -2) [Xom's mischief]
 20267 | D:15     | Lost mutation: Your magical capacity is low. (-10% MP)
                  | [potion of mutation]
 20267 | D:15     | Lost mutation: You are clumsy. (Dex -2) [potion of
                  | mutation]
 20267 | D:15     | Gained mutation: Your muscles are strong. (Str +2) [potion
                  | of mutation]
 20267 | D:15     | Gained mutation: You are resistant to hostile enchantments.
                  | (MR+) [potion of mutation]
 20302 | D:15     | XOM: blink monster(s)
 20309 | D:15     | XOM: mild Tmut miscast
 20335 | D:15     | Found Juidiebb's Distillery.
 20339 | D:15     | Bought a potion of invisibility for 136 gold pieces
 20339 | D:15     | Bought a potion of berserk rage for 85 gold pieces
 20369 | D:15     | XOM: harmless Summ miscast
 20505 | D:15     | Found a staircase to the Depths.
 20592 | D:15     | XOM: summons 1 hostile demon
 20593 | D:15     | XOM: enchant monster (bad)
 20658 | D:15     | Noticed Agnes
 20666 | D:15     | XOM: enchant monster (bad)
 20668 | D:15     | XOM: chaos upgrade
 20675 | D:15     | Killed Agnes
 20678 | D:15     | XOM: summons 6 hostile demons
 20681 | D:15     | XOM: blink monster(s)
 20683 | D:15     | XOM: confusion
 20858 | D:15     | XOM: 1-stop teleportation journey
 20995 | D:15     | XOM: give mutations
 20995 | D:15     | Gained mutation: You have a pair of small antennae on your
                  | head. [Xom's mischief]
 20995 | D:15     | Gained mutation: You are frail. (-10% HP) [Xom's mischief]
 20995 | D:15     | Lost mutation: Your muscles are strong. (Str +2) [Xom's
                  | mischief]
 20995 | D:15     | Lost mutation: You are resistant to hostile enchantments.
                  | (MR+) [Xom's mischief]
 20996 | D:15     | XOM: potion effect (heal wounds)
 21164 | D:15     | XOM: fog
 21580 | Elf:1    | Entered Level 1 of the Elven Halls
 21590 | Elf:1    | Found Kuozykam's Armour Shop.
 21669 | Elf:1    | Found a glowing silver altar of Zin.
 21670 | Elf:1    | Found a ruined gateway.
 21670 | Elf:1    | Found a glowing golden altar of the Shining One.
 21680 | Elf:1    | XOM: noise
 21711 | Elf:1    | XOM: swap monsters
 21732 | Elf:1    | Found a white marble altar of Elyvilon.
 21752 | Elf:1    | Lost mutation: Your body often deteriorates upon taking
                  | damage. [potion of mutation]
 21752 | Elf:1    | Lost mutation: You have a pair of small antennae on your
                  | head. [potion of mutation]
 21752 | Elf:1    | Gained mutation: Your flesh is cold resistant. (rC+)
                  | [potion of mutation]
 21752 | Elf:1    | Gained mutation: Your spells are a little harder to cast,
                  | but a little more powerful. [potion of mutation]
 21752 | Elf:1    | Lost mutation: You are frail. (-10% HP) [potion of
                  | mutation]
 21752 | Elf:1    | Gained mutation: You expend magic power (3 MP) to
                  | strengthen your wands. [potion of mutation]
 21757 | Elf:1    | Noticed a sphinx
 21759 | Desolati | Entered the Desolation of Salt
 22012 | Desolati | XOM: god gift: 20 sling bullets
 22049 | Desolati | XOM: stat loss: -1 Dex (21/23)
 22054 | Desolati | XOM: scenery: create altars
 22108 | Desolati | Identified the Grimoire of Conjuration
 22116 | Desolati | Got a crude gossamer ring
 22117 | Desolati | Identified the ring of Laczeaff {rPois MR+++ Dex+2} (You
                  | found it in the Desolation of Salt)
 22274 | Desolati | XOM: summons 16 friendly demons
 22418 | Desolati | XOM: fake destruction
 22723 | Desolati | XOM: destruction
 22727 | Desolati | XOM: confuse monster(s)
 22749 | Desolati | XOM: fog
 22751 | Desolati | XOM: divination: detect creatures
 22762 | Desolati | Identified the amulet of Uceiq {+Rage Str+3}
 22802 | Desolati | XOM: harmless Fire miscast
 22826 | Desolati | XOM: polymorph ragged hierophant -> cyclops
 22988 | Desolati | Reached XP level 17. HP: 68/133 MP: 30/32
 23088 | Desolati | Identified Sif Muna's Incunabulum of the Frostbite and Air
 23119 | Desolati | XOM: polymorph servant of whispers -> ghost moth
 23161 | Desolati | XOM: confuse monster(s)
 23295 | Desolati | XOM: confuse monster(s)
 23309 | Desolati | XOM: divination: detect creatures
 23310 | Desolati | XOM: cast spell 'Cause Fear'
 23383 | Desolati | XOM: enchant monster (good)
 23387 | Desolati | XOM: mild Conj miscast
 23388 | Desolati | XOM: polymorph ragged hierophant -> redback
 23390 | Desolati | XOM: potion effect (might)
 23397 | Desolati | XOM: mild Tloc miscast
 23411 | Desolati | XOM: fake destruction
 23713 | Desolati | XOM: stat loss: -1 Int (16/17)
 23755 | Desolati | XOM: give mutations
 23755 | Desolati | Gained mutation: Your muscles are strong. (Str +2) [Xom's
                  | grace]
 23755 | Desolati | Gained mutation: You are resistant to hostile enchantments.
                  | (MR+) [Xom's grace]
 23755 | Desolati | Gained mutation: You are resistant to electric shocks.
                  | (rElec) [Xom's grace]
 23830 | Desolati | XOM: noise
 23832 | Desolati | XOM: swap monsters
 23925 | Desolati | XOM: give mutation
 23925 | Desolati | Lost mutation: You are dopey. (Int -2) [Xom's grace]
 24131 | Desolati | Got a bloodstained plate armour
 24183 | Elf:1    | XOM: noise
 24193 | Elf:1    | Noticed a sphinx
 24197 | Elf:1    | XOM: give mutation
 24197 | Elf:1    | Gained mutation: Your spells are harder to cast, but more
                  | powerful. [Xom's grace]
 24202 | Elf:1    | Killed a sphinx
 24214 | Elf:1    | XOM: chaos cloud
 24241 | Elf:1    | XOM: enchant monster (bad)
 24280 | Elf:1    | Killed a sphinx
 24294 | Elf:1    | XOM: 1-stop teleportation journey
 24383 | Elf:1    | XOM: confusion
 24499 | Elf:1    | XOM: medium Necr miscast
 24653 | Elf:1    | XOM: noise
 24665 | Elf:1    | Reached skill level 10 in Conjurations
 24665 | Elf:1    | Reached skill level 10 in Hexes
 24665 | Elf:1    | Reached skill level 10 in Charms
 24665 | Elf:1    | Reached skill level 10 in Summonings
 24665 | Elf:1    | Reached skill level 10 in Necromancy
 24665 | Elf:1    | Reached skill level 10 in Translocations
 24665 | Elf:1    | Reached skill level 10 in Transmutations
 24665 | Elf:1    | Reached skill level 10 in Fire Magic
 24665 | Elf:1    | Reached skill level 10 in Ice Magic
 24665 | Elf:1    | Reached skill level 10 in Air Magic
 24665 | Elf:1    | Reached skill level 10 in Earth Magic
 24665 | Elf:1    | Reached skill level 10 in Poison Magic
 24851 | Elf:1    | Reached XP level 18. HP: 101/141 MP: 33/33
 24920 | Elf:1    | XOM: harmless Necr miscast
 24934 | Elf:1    | Gained mutation: Armour fits poorly on your strangely
                  | shaped body. [you]
 25064 | Elf:1    | XOM: noise
 25307 | Elf:1    | XOM: stat loss: -1 Dex (24/25)
 25529 | Elf:2    | Identified the +11 plate armour "Boziothe" {MR+ Slay+4}
                  | (You found it in the Desolation of Salt)
 25552 | Elf:2    | XOM: 1-stop teleportation journey
 25713 | Elf:2    | XOM: medium Tloc miscast
 25959 | Elf:2    | Found a runed translucent gate.
 25960 | Elf:2    | Found a runed translucent gate.
 25964 | Elf:2    | Found a runed translucent gate.
 26040 | Elf:2    | Identified the cursed +0 plate armour of Kedwakh {rN+
                  | Dex+4} (You found it on level 2 of the Elven Halls)
 26201 | Elf:2    | XOM: swap monsters
 26206 | Elf:2    | XOM: 2-stop teleportation journey
 26210 | Elf:2    | XOM: confuse monster(s)
 26288 | Elf:2    | XOM: swap monsters
 26304 | Elf:2    | XOM: polymorph deep elf knight -> dream sheep
 26321 | Elf:2    | Lost mutation: Your spells are harder to cast, but more
                  | powerful. [you]
 26373 | Elf:2    | Noticed a deep elf blademaster
 26382 | Elf:2    | XOM: confusion
 26399 | Elf:2    | Killed a deep elf blademaster
 26688 | Elf:2    | XOM: summons 2 hostile demons
 26716 | Elf:3    | XOM: stealth player
 26716 | Elf:3    | Entered Level 3 of the Elven Halls
 26768 | Elf:3    | XOM: blink monster(s)
 26827 | Elf:3    | XOM: enchant monster (good)
 26910 | Elf:3    | XOM: 1-stop teleportation journey
 26980 | Elf:3    | XOM: destruction
 27090 | Elf:3    | XOM: divination: detect items
 27103 | Elf:3    | XOM: divination: detect items
 27197 | Elf:3    | Found Jics's Gadget Boutique.
 27221 | Elf:3    | XOM: summons 2 friendly demons
 27224 | Elf:3    | XOM: enchant monster (bad)
 27233 | Elf:3    | XOM: cast spell 'Metabolic Englaciation'
 27239 | Elf:3    | XOM: confuse monster(s)
 27263 | Elf:3    | Bought a lamp of fire for 480 gold pieces
 27269 | Elf:3    | Noticed a deep elf master archer
 27280 | Elf:3    | Killed a deep elf master archer
 27351 | Elf:3    | XOM: potion effect (might)
 27395 | Elf:3    | Reached XP level 19. HP: 120/149 MP: 35/35
 27406 | Elf:3    | XOM: smoke on damage
 27457 | Elf:3    | XOM: give mutations
 27457 | Elf:3    | Gained mutation: Your skin changes colour to match your
                  | surroundings (Stealth+). [Xom's grace]
 27457 | Elf:3    | Gained mutation: Your system is resistant to poisons.
                  | (rPois) [Xom's grace]
 27457 | Elf:3    | Gained mutation: You are partially covered in large bone
                  | plates. (SH +4) [Xom's grace]
 27512 | Elf:3    | XOM: confuse monster(s)
 27513 | Elf:3    | XOM: divination: magic mapping
 27564 | Elf:3    | Identified the ring of Interdependent Arising {rElec rPois
                  | Int+5 Dex-4 Stlth+}
 27569 | Elf:3    | XOM: divination: detect creatures
 27573 | Elf:3    | XOM: swap monsters
 27580 | Elf:3    | XOM: smoke on damage
 27639 | Elf:3    | Identified the +8 chain mail of Wonder {Str+6}
 27649 | Elf:3    | XOM: confuse monster(s)
 27677 | Elf:3    | XOM: butterfly on damage
 27679 | Elf:3    | Shot with an arrow by a deep elf master archer

Skill      XL: |  1  2  3  4  5  6  7  8  9 10 11 12 13 14 15 16 17 18 |
---------------+-------------------------------------------------------+-----
Invocations    | 1 2 3 4 5 6 7 8 9 10 11 12 13 | 13.4
Short Blades   | 1 2 3 4 5 6 7 8 9 10 11 12 | 12.5
Long Blades    | 1 2 3 4 5 6 7 8 9 10 11 12 | 12.5
Axes           | 1 2 3 4 5 6 7 8 9 10 11 12 | 12.5
Polearms       | 1 2 3 4 5 6 7 8 9 10 11 12 | 12.5
Staves         | 1 2 3 4 5 6 7 8 9 10 11 12 | 12.5
Slings         | 1 2 3 4 5 6 7 8 9 10 11 12 | 12.5
Bows           | 1 2 3 4 5 6 7 8 9 10 11 12 | 12.5
Throwing       | 1 2 3 4 5 6 7 8 9 10 11 12 | 12.5
Dodging        | 1 2 3 4 5 6 7 8 9 10 11 12 | 12.5
Stealth        | 1 2 3 4 5 6 7 8 9 10 11 12 | 12.5
Unarmed Combat | 1 2 3 4 5 6 7 8 9 10 11 12 | 12.5
Spellcasting   | 1 2 3 4 5 6 7 8 9 10 11 12 | 12.5
Conjurations   | 1 2 3 4 5 6 7 8 9 10 | 10.7
Hexes          | 1 2 3 4 5 6 7 8 9 10 | 10.7
Charms         | 1 2 3 4 5 6 7 8 9 10 | 10.7
Summonings     | 1 2 3 4 5 6 7 8 9 10 | 10.7
Necromancy     | 1 2 3 4 5 6 7 8 9 10 | 10.7
Translocations | 1 2 3 4 5 6 7 8 9 10 | 10.7
Transmutations | 1 2 3 4 5 6 7 8 9 10 | 10.7
Fire Magic     | 1 2 3 4 5 6 7 8 9 10 | 10.7
Ice Magic      | 1 2 3 4 5 6 7 8 9 10 | 10.7
Air Magic      | 1 2 3 4 5 6 7 8 9 10 | 10.7
Earth Magic    | 1 2 3 4 5 6 7 8 9 10 | 10.7
Poison Magic   | 1 2 3 4 5 6 7 8 9 10 | 10.7
Crossbows      | 3 4 5 6 7 8 9 10 11 12 | 12.7
Shields        | 3 4 5 6 7 8 9 10 11 12 | 12.7
Evocations     | 3 4 5 6 7 8 9 10 11 12 | 12.7
Fighting       | 5 6 7 8 9 10 11 12 13 | 13.1
Maces & Flails | 5 6 7 8 9 10 11 12 13 | 13.1
Armour         | 7 8 9 10 11 12 13 | 13.8

Action                   |  1- 3 |  4- 6 |  7- 9 | 10-12 | 13-15 | 16-18 | 19-21 || total
-------------------------+-------+-------+-------+-------+-------+-------+-------++-------
Melee: Mace              |   120 |   115 |       |       |       |       |       ||   235
       Bite              |     9 |    13 |    29 |    94 |   197 |   238 |    10 ||   590
       Quarterstaff      |       |    35 |   394 |   346 |       |       |       ||   775
       Halberd           |       |       |       |   241 |       |       |       ||   241
       Dire flail        |       |       |       |   141 |  1523 |  1319 |    53 ||  3036
       Glaive            |       |       |       |   126 |       |       |       ||   126
 Fire: Longbow           |       |       |       |       |       |   113 |       ||   113
Throw: Javelin           |       |       |       |       |     2 |    42 |     2 ||    46
 Cast: Yara's Violent Un |       |       |       |       |     8 |    26 |     3 ||    37
       Metabolic Englaci |       |       |       |       |     2 |     1 |       ||     3
       Apportation       |       |       |       |       |     1 |       |       ||     1
Evoke: Wand              |       |       |     6 |    37 |    10 |    33 |     3 ||    89
       Phantom mirror    |       |       |       |       |     1 |       |       ||     1
       Lightning rod     |       |       |       |       |       |    10 |       ||    10
       Sack of spiders   |       |       |       |       |       |     2 |       ||     2
       Phial of floods   |       |       |       |       |       |     3 |     1 ||     4
       Lamp of fire      |       |       |       |       |       |       |     2 ||     2
  Use: Scroll            |       |     2 |       |    10 |    25 |    14 |       ||    51
       Potion            |       |     2 |       |     8 |     6 |    14 |     1 ||    31
 Stab: Sleeping          |       |       |     7 |     5 |    24 |    12 |       ||    48
       Paralysed         |       |       |     1 |     7 |    15 |    15 |     1 ||    39
       Confused          |       |       |       |     7 |     8 |     5 |     3 ||    23
       Distracted        |       |       |       |     3 |     8 |     6 |       ||    17
       Petrifying        |       |       |       |     1 |    14 |    10 |       ||    25
       Petrified         |       |       |       |     1 |     5 |     1 |       ||     7
       Invisible         |       |       |       |     3 |    10 |       |       ||    13
  Eat: Chunk             |       |     4 |    13 |    17 |    16 |    10 |       ||    60
       Ration            |       |       |       |     1 |     6 |     6 |       ||    13
Armor: Ring mail         |    45 |    69 |   173 |   463 |   537 |   441 |       ||  1728
       Skin              |       |       |       |       |     7 |       |       ||     7
       Troll leather arm |       |       |       |       |       |    82 |    23 ||   105
Dodge: Dodged            |    92 |    95 |   272 |   698 |  1151 |  1132 |    33 ||  3473
Block: Other             |       |       |       |       |       |       |     7 ||     7
